 Seeded DCSS version 0.30.2 (webtiles) character file.

Game seed: 8901055508148061026 (custom seed)

20094 porpoise the Marksminotaur (level 12, 0/81 (93) HPs)
             Began as a Minotaur Hunter on Mar 7, 2024.
             Was a Priest of Hepliaklqana.
             Slain by a spectral orc warlord
             ... wielding a +1 glaive
             ... summoned by Nergalle
              (18 damage)
             ... on level 1 of the Lair of Beasts.
             The game lasted 00:44:25 (11904 turns).

porpoise the Marksminotaur (Minotaur Hunter)       Turns: 11904, Time: 00:44:26

HP:   0/81 (93)     AC: 19    Str: 15    XL:     12   Next: 42%
MP:   16/16         EV: 14    Int:  6    God:    Hepliaklqana [***...]
Gold: 674           SH:  0    Dex: 22    Spells: 11/11 levels left

rFire   . . .        a - +0 arbalest
rCold   + . .        (shield currently unavailable)
rNeg    . . .        T - +0 acid dragon scales
rPois   +            d - +2 hat
rElec   .            L - +0 cloak
rCorr   +            q - +0 pair of gloves of Submission {rPois rC+ Dex+2}
SInv    .            l - +2 pair of boots
Will    .....        (no amulet)
Stlth   ++           r - ring of resist corrosion
HPRegen 0.33/turn    C - +4 ring of protection
MPRegen 0.15/turn

%: no passive effects
@: heavily drained
A: reduced essence, horns 2, retaliatory headbutt
a: Renounce Religion, Recall Ancestor, Ancestor Identity, Transference


You were on level 1 of the Lair of Beasts.
You worshipped Hepliaklqana.
Hepliaklqana was most pleased with you.
You visited 3 branches of the dungeon, and saw 13 of its levels.
You also visited: Ossuary.

You collected 674 gold pieces.

Inventory:

Hand Weapons
 a - a +0 arbalest (weapon)
Missiles
 u - 2 throwing nets
 O - a curare-tipped dart
Armour
 d - a +2 hat (worn)
 l - a +2 pair of boots (worn)
 q - the +0 pair of gloves of Submission (worn) {rPois rC+ Dex+2}
   (You acquired it on level 3 of the Dungeon)

   Dex:       It affects your dexterity (+2).
   rC:        It protects you from cold.
   rPois:     It protects you from poison.
 L - a +0 cloak (worn)
 T - +0 acid dragon scales (worn)
Jewellery
 r - a ring of resist corrosion (left hand)
 C - a +4 ring of protection (right hand)
Wands
 s - a wand of polymorph (6)
 t - a wand of charming (5)
 G - a wand of digging (3)
 J - a wand of flame (19)
Scrolls
 c - 2 scrolls of poison
 o - 4 scrolls of teleportation
 z - a scroll of blinking
 H - 3 scrolls of fear
 I - a scroll of vulnerability {unknown}
 M - a scroll of silence {unknown}
 R - a scroll of torment {unknown}
 Y - a scroll of noise {unknown}
Potions
 f - 4 potions of haste
 g - 3 potions of resistance
 i - 10 potions of curing
 m - a potion of might
 v - 2 potions of attraction
 F - a potion of degeneration {unknown}
 K - a potion of ambrosia {unknown}
 U - a potion of lignification {unknown}
 X - a potion of berserk rage {unknown}


   Skills:
 + Level 9.3 Fighting
 - Level 18.0 Ranged Weapons
 - Level 5.0 Armour
 - Level 5.0 Dodging
 - Level 0.7 Stealth
 + Level 7.8 Invocations
 + Level 3.1 Evocations


You had 11 spell levels left.
You didn't know any spells.
Your spell library contained the following spells:

 Spells                   Type           Power      Damage    Failure   Level
 Kiss of Death            Conj/Necr      0%         2d5       56%         1
 Magic Dart               Conj           0%         1d3       56%         1
 Call Imp                 Summ           0%         N/A       71%         2
 Poisonous Vapours        Pois/Air       0%         N/A       71%         2
 Call Canine Familiar     Summ           0%         N/A       90%         3
 Confusing Touch          Hex            0%         N/A       90%         3
 Dazzling Flash           Conj/Hex       0%         N/A       90%         3
 Ignite Poison            Fire/Tmut/Pois 0%         N/A       90%         3
 Mephitic Cloud           Conj/Pois/Air  0%         N/A       90%         3
 Portal Projectile        Hex/Tloc       0%         N/A       90%         3
 Volatile Blastmotes      Fire/Tloc      0%         2d10      90%         3
 Dispel Undead            Necr           0%         3d6       100%        4
 Iskenderun's Mystic Bla  Conj/Tloc      0%         2d3       100%        4
 Leda's Liquefaction      Hex/Erth       0%         N/A       100%        4
 Sticky Flame             Conj/Fire      0%         2d3       100%        4
 Freezing Cloud           Conj/Ice/Air   0%         6-21      100%        5
 Starburst                Conj/Fire      0%         6d3       100%        6
 Ignition                 Fire           0%         3d3       100%        8


Dungeon Overview and Level Annotations

Branches:
Dungeon (10/15)            Temple (1/1) D:5            Lair (2/5) D:8
Ossuary (visited)
  Swamp: Lair:2-3    Shoals: Lair:2-3     Snake: Lair:2-3    Spider: Lair:2-3
    Orc: D:9-12

Altars:
Ashenzari
Cheibriados
Dithmenos
Elyvilon
Fedhas
Hepliaklqana
Kikubaaqudgha
Qazlal
Sif Muna
Trog
Xom
Yredelemnul
The Shining One

Annotations:
D:6 3 runed translucent doors, SheepSpotted's ghost, novice DsGl; bob3's ghost, amateur DrBe
Lair:1 Nergalle


Innate Abilities, Weirdness & Mutations

Your life essence is reduced to manifest your ancestor. (-10% HP)
You have a pair of horns on your head.
You reflexively headbutt those who attack you in melee.


Message History

Fire: a) +0 arbalest
Press: ? - help, Q - select action, (/) - cycle Shift-Dir - straight line, f/p - Nergalle
Aim: Nergalle, wielding a +0 dagger and wearing a +0 robe (moderately wounded, 69% to hit)
You shoot a bolt. The bolt hits Nergalle!
Nergalle is heavily wounded.
Nergalle hits you with a +0 dagger.
The spectral orc knight barely misses you.
The spectral orc warrior hits you with a +0 flail!
You feel drained.
The spectral orc warlord barely misses you.
Fire: a) +0 arbalest
Press: ? - help, Shift-Dir - straight line, f/p - Nergalle
Aim: Nergalle, wielding a +0 dagger and wearing a +0 robe (heavily wounded, 69% to hit)
Unknown command.
Aiming: Polymorph
Press: ? - help, Shift-Dir - straight line, f/p - Nergalle
Aim: Nergalle, wielding a +0 dagger and wearing a +0 robe (heavily wounded, will become a snapping turtle, a mana viper, or a jumping spider, chance to affect: 23%) Nergalle resists with almost no effort.
Nergalle mutters something.
Nergalle closely misses you.
The spectral orc knight hits you but does no damage.
The spectral orc warrior hits you but does no damage.
The spectral orc warlord hits you from afar with a +1 glaive!
* * * LOW HITPOINT WARNING * * *
Aiming: Polymorph
Press: ? - help, Shift-Dir - straight line, f/p - Nergalle
Aim: Nergalle, wielding a +0 dagger and wearing a +0 robe (heavily wounded, will become a snapping turtle, a mana viper, or a jumping spider, chance to affect: 23%) Nergalle resists with almost no effort.
Nergalle hits you but does no damage.
The spectral orc knight hits you but does no damage.
The spectral orc warrior hits you but does no damage.
The spectral orc warlord closely misses you.
Aiming: Polymorph
Press: ? - help, Shift-Dir - straight line, f/p - Nergalle
Aim: Nergalle, wielding a +0 dagger and wearing a +0 robe (heavily wounded, will become a snapping turtle, a mana viper, or a jumping spider, chance to affect: 23%) Nergalle resists with almost no effort.
Nergalle closely misses you.
The spectral orc knight hits you but does no damage.
The spectral orc warrior hits you with a +0 flail.
* * * LOW HITPOINT WARNING * * *
The spectral orc warlord hits you from afar with a +1 glaive!!
You die...

#.....##.##.## #.##.###(#.###.##
......##.##.[# #.##.###.#..##.#.
..........#.## #.##.#...........
......#.#.#.# ##.##.#.#.#.....##
..>.##...#..## #..##.....#.##.###
#...#.#)#.#..# ##....#...P.#..#.#
#...........####.................
#####.#....####.o........#..#.###
# ##...### #P.@Z.........##.# #
#..## #P.Z.Z...#...#.#.### #
##..### ####........#......# #
###.....####.##...##...........
###.#.#..........#.#.#...#.#.#.##
..........####.....####.###.#..##
####....#.## #.#.#.####....#....(
# ##......# #.#.#..##..#..#.#.##
# ##..#### #......<............


You could see Nergalle, a spectral orc warrior (summoned), a spectral orc knight
(summoned) and a spectral orc warlord (summoned).

Vanquished Creatures
  10 death yaks (Lair:1)
  Urug (Lair:1)
  Joseph (Lair:1)
  A cane toad (Lair:1)
  A black mamba (Lair:2)
  An orange demon (Lair:1)
  A komodo dragon (Lair:1)
  A troll (D:9)
  3 blink frogs (Lair:1)
  2 wyverns
  A wraith (D:10)
  A shadow (D:9)
  19 yaks
  A steam dragon (D:8)
  2 vampire mosquitoes (D:9)
  Menkaure (D:7)
  Edmund (D:5)
  9 water moccasins
  An acid dragon (D:9)
  4 orc warriors
  2 black bears (D:5)
  5 ice beasts
  3 ogres
  2 kobold brigands
  A phantom (D:4)
  13 bullfrogs
  A scorpion (D:8)
  3 wights (D:8)
  7 killer bees (D:8)
  A howler monkey (D:7)
  4 hounds
  A sleepcap (D:5)
  Crazy Yiuf (D:7)
  6 orc priests
  2 gnoll boudas (D:6)
  4 jellies
  9 iguanas
  9 orc wizards
  A mummy (Ossuary)
  Robin (D:4)
  8 gnolls
  9 adders
  A shadow imp (D:7)
  A white imp (D:7)
  3 ufetubi
  2 adder zombies (Ossuary)
  3 dart slugs
  22 orcs
  6 endoplasms
  2 giant cockroaches
  6 gnoll zombies (Ossuary)
  15 goblins
  12 hobgoblins
  3 quokkas
  8 ball pythons
  3 bats
  5 frilled lizards
  3 hobgoblin zombies (Ossuary)
  15 kobolds
  A kobold zombie (Ossuary)
  4 orc zombies (Ossuary)
  6 rats
276 creatures vanquished.

Vanquished Creatures (collateral kills)
  Amaemon (Lair:1)
  A cane toad (Lair:1)
  A hornet (D:9)
  A troll (D:10)
  4 yaks
  A vampire mosquito (D:9)
  A water moccasin (Lair:2)
  A wolf (Lair:1)
  A kobold brigand (D:9)
  2 water moccasin zombies (Ossuary)
  2 killer bees (D:8)
  A mummy (Ossuary)
  A gnoll (D:6)
  An adder (Lair:2)
  A white imp (D:7)
  6 orcs
  3 hobgoblin zombies (Ossuary)
  2 kobolds
  3 kobold zombies (Ossuary)
  An orc zombie (Ossuary)
35 creatures vanquished.

Vanquished Creatures (others)
  5 knights
  An ancestor (D:6)
6 creatures vanquished.

Grand Total: 317 creatures vanquished

Notes
Turn   | Place    | Note
-------+----------+-------------------------------------------
     0 | D:1      | porpoise the Minotaur Hunter began the quest for the Orb.
     0 | D:1      | Reached XP level 1. HP: 18/18 MP: 0/0
    75 | D:1      | Reached XP level 2. HP: 25/25 MP: 1/1
   212 | D:1      | Reached skill level 5 in Ranged Weapons
   720 | D:1      | Reached XP level 3. HP: 31/31 MP: 2/2
  2165 | D:3      | Identified a scroll of acquirement
  2165 | D:3      | Acquired the +0 pair of gloves of Submission {rPois rC+
                  | Dex+2}
  2332 | D:4      | Reached XP level 4. HP: 40/40 MP: 3/3
  2418 | D:4      | Noticed Robin
  2427 | D:4      | Noticed an ogre
  2428 | D:4      | Killed Robin
  2429 | D:4      | Reached skill level 6 in Ranged Weapons
  2655 | D:4      | Killed an ogre
  2656 | D:4      | Reached XP level 5. HP: 47/47 MP: 4/4
  2954 | D:4      | Noticed a phantom
  2963 | D:4      | Killed a phantom
  2964 | D:4      | Reached skill level 7 in Ranged Weapons
  2964 | D:4      | Reached XP level 6. HP: 52/55 MP: 5/5
  3160 | D:4      | Reached skill level 5 in Fighting
  3244 | D:5      | Entered Level 5 of the Dungeon
  3312 | D:5      | Noticed Edmund
  3336 | D:5      | Killed Edmund
  3337 | D:5      | Reached skill level 8 in Ranged Weapons
  3337 | D:5      | Reached XP level 7. HP: 26/62 MP: 6/6
  3718 | D:5      | Found a staircase to the Ecumenical Temple.
  3723 | Temple   | Entered the Ecumenical Temple
  3730 | Temple   | Became a worshipper of Hepliaklqana the Forgotten
  3756 | D:5      | Reached skill level 1 in Armour
  3951 | D:5      | Reached skill level 9 in Ranged Weapons
  3993 | D:5      | Reached XP level 8. HP: 71/71 MP: 7/7
  5041 | D:6      | Found a runed translucent gate.
  5041 | D:6      | Found a runed translucent gate.
  5042 | D:6      | Reached * piety under Hepliaklqana
  5042 | D:6      | Found a runed translucent gate.
  5044 | D:6      | Noticed bob3's ghost (amateur DrBe)
  5044 | D:6      | Noticed SheepSpotted's ghost (novice DsGl)
  5313 | D:6      | Reached skill level 10 in Ranged Weapons
  5381 | D:6      | Reached skill level 5 in Armour
  5932 | D:7      | Reached XP level 9. HP: 39/72 MP: 8/8
  6328 | D:7      | Reached skill level 11 in Ranged Weapons
  6443 | D:7      | Reached ** piety under Hepliaklqana
  6444 | D:7      | Remembered your ancestor Nikki as a knight
  6570 | D:7      | Noticed Menkaure
  6574 | D:7      | Killed Menkaure
  6653 | D:7      | Found a runed translucent door.
  6654 | D:7      | Noticed Crazy Yiuf
  6660 | D:7      | Killed Crazy Yiuf
  6930 | D:8      | Found a staircase to the Lair.
  6936 | D:8      | Found a sand-covered staircase.
  6957 | D:8      | Reached skill level 12 in Ranged Weapons
  6968 | D:8      | Reached skill level 1 in Invocations
  7055 | D:8      | Reached XP level 10. HP: 75/81 MP: 10/10
  7099 | Ossuary  | Entered an ossuary
  7327 | D:8      | Reached skill level 13 in Ranged Weapons
  7527 | D:8      | Found a bloodstained altar of Trog.
  7528 | D:8      | Found a blossoming altar of Fedhas.
  7528 | D:8      | Found a glowing golden altar of the Shining One.
  7713 | D:8      | Found a broken altar of Ashenzari.
  7713 | D:8      | Found an ancient bone altar of Kikubaaqudgha.
  7938 | D:9      | Reached skill level 5 in Dodging
  8025 | D:9      | Reached skill level 14 in Ranged Weapons
  8088 | D:9      | Reached skill level 5 in Invocations
  8154 | D:9      | Found a basalt altar of Yredelemnul.
  8567 | D:9      | Found a white marble altar of Elyvilon.
  8626 | D:10     | Entered Level 10 of the Dungeon
  8707 | D:10     | Reached XP level 11. HP: 87/87 MP: 12/14
  8967 | D:10     | Reached *** piety under Hepliaklqana
  8974 | D:10     | Reached skill level 15 in Ranged Weapons
  9556 | Lair:1   | Entered Level 1 of the Lair of Beasts
  9701 | Lair:1   | Noticed Amaemon
  9717 | Lair:1   | Killed Amaemon
  9718 | Lair:1   | Reached skill level 16 in Ranged Weapons
  9725 | Lair:1   | Noticed Joseph
  9735 | Lair:1   | Killed Joseph
  9893 | Lair:1   | Noticed Urug
  9904 | Lair:1   | Noticed a death yak
  9906 | Lair:1   | HP: 4/87 [Urug/+7 great mace of protection (27)]
  9906 | Lair:1   | Noticed a death yak
 10259 | Lair:1   | Noticed a death yak
 10259 | Lair:1   | Noticed a death yak
 10259 | Lair:1   | Noticed a death yak
 10259 | Lair:1   | Noticed a death yak
 10260 | Lair:1   | Noticed a death yak
 10261 | Lair:1   | Noticed a death yak
 10271 | Lair:1   | Killed a death yak
 10276 | Lair:1   | Killed a death yak
 10283 | Lair:1   | Killed a death yak
 10284 | Lair:1   | Reached skill level 17 in Ranged Weapons
 10292 | Lair:1   | Killed a death yak
 10298 | Lair:1   | Killed a death yak
 10299 | Lair:1   | Reached XP level 12. HP: 40/93 MP: 16/16
 10300 | Lair:1   | Killed a death yak
 10777 | Lair:1   | Killed Urug
 10982 | Lair:1   | Noticed a death yak
 10982 | Lair:1   | Noticed a death yak
 11002 | Lair:1   | Killed a death yak
 11003 | Lair:1   | Reached skill level 1 in Evocations
 11008 | Lair:1   | Killed a death yak
 11020 | Lair:1   | Killed a death yak
 11037 | Lair:1   | Killed a death yak
 11038 | Lair:1   | Reached skill level 18 in Ranged Weapons
 11879 | Lair:2   | Noticed Nergalle
 11904 | Lair:1   | Slain by a spectral orc warlord

Illustrated notes

Levels and vault maps discovered:
D:1:      matt_arrival_debris, layout_basic
D:2:      layout_basic
D:3:      layout_loops_ring, minmay_curled_crystal, kennysheep_pointless_box,
          grunt_decor_one_mirror, chequers_serial_rivers_large_b
D:4:      kennysheep_spiral_hall, layout_rooms, uniq_robin
D:5:      layout_rooms, temple_doors_e, uniq_edmund
D:6:      layout_loops_corners, gammafunk_ghost_cemetery, st_stairs_5,
          minmay_fractal_squares_diagonal_5
D:7:      layout_basic, chequers_serial_rivers_marsh, uniq_crazy_yiuf_cottage,
          uniq_menkaure
D:8:      layout_loops_ring, nicolae_overflow_two_pavilions,
          chequers_temple_overflow_statue_of_worship,
          due_lair_maze_entry_diamond, nicolae_ossuary_entry_false_entrances
D:9:      layout_loops_cross, kennysheep_ying_yang
D:10:     layout_roguey
Temple:   hellmonk_temple_of_storms
Lair:1:   layout_loops_ring, beast_lair_carwin_6, uniq_urug, uniq_joseph,
          uniq_amaemon
Lair:2:   minmay_lair_venomous_thicket, layout_loops_ring,
          elwin_shoals_entry_rooms, spider_nest_entry_web_field,
          serial_bayou_pond_d, lemuel_fruit_tree, uniq_nergalle

Skill      XL: |  1  2  3  4  5  6  7  8  9 10 11 12 |
---------------+-------------------------------------+-----
Fighting       | 3 4 5 6 7 9 |  9.3
Ranged Weapons | 5 6 7 8 9 10 12 14 17 18 | 18.0
Armour         | 3 5 |  5.0
Invocations    | 2 5 7 |  7.8
Dodging        | 3 5 |  5.0
Evocations     | 3 |  3.1
Stealth        | |  0.7

Action                     |  1- 3 |  4- 6 |  7- 9 | 10-12 || total
---------------------------+-------+-------+-------+-------++-------
  Melee: Quarterstaff      |       |       |       |    24 ||    24
         Headbutt          |       |       |       |    38 ||    38
         Broad axe         |       |       |       |    60 ||    60
   Fire: Shortbow          |    98 |   100 |   105 |    27 ||   330
         Sling             |    19 |    21 |    36 |       ||    76
         Arbalest          |       |       |   122 |   383 ||   505
 Invoke: Ancestor Identity |       |       |     1 |       ||     1
         Ancestor Life: Kn |       |       |     1 |       ||     1
         Recall Ancestor   |       |       |       |     1 ||     1
  Evoke: Wand              |       |       |       |     4 ||     4
    Use: Scroll            |     6 |     2 |     7 |     7 ||    22
         Potion            |       |     1 |     2 |     3 ||     6
 Armour: Leather armour    |     8 |    25 |       |       ||    33
         Ring mail         |       |       |    50 |    22 ||    72
         Acid dragon scale |       |       |       |    73 ||    73
  Dodge: Dodged            |    17 |    38 |    51 |   127 ||   233
